 Dungeon Crawl Stone Soup version 0.28-a0-895-g6e5f11bd55 (webtiles) character file.

Game seed: 7428455274961102054

487 bande the Chopper (level 7, -14/44 HPs)
             Began as a Gargoyle Fighter on Nov 23, 2021.
             Demolished by an ogre (22 damage)
             ... on level 4 of the Dungeon.
             The game lasted 00:05:23 (4118 turns).

bande the Chopper (Gargoyle Fighter)                Turns: 4118, Time: 00:05:23

Health: -14/44     AC: 15    Str: 21    XL:     7   Next: 13%
Magic:  7/7        EV:  7    Int:  8    God:
Gold:   162        SH:  4    Dex: 10    Spells: 6/6 levels left

rFire   . . .      SeeInvis .   a - +1 war axe
rCold   . . .      Faith    +   c - +0 buckler
rNeg    + . .      Spirit   .   h - +0 chain mail
rPois   ∞          Reflect  .   g - +0 helmet
rElec   +          Harm     .   (no cloak)
rCorr   .          Rampage  .   (no gloves)
Will    .....                   (no boots)
Stlth   ..........              f - amulet of faith
HPRegen 0.14/turn               (no ring)
MPRegen 0.10/turn               (no ring)

@: no status effects
A: sickness immunity, AC +4, negative energy resistance 1, electricity
resistance, torment resistance 1, petrification resistance
a: no special abilities


You were on level 4 of the Dungeon.
You visited 1 branch of the dungeon, and saw 4 of its levels.

You collected 162 gold pieces.

Inventory:

Hand Weapons
 a - a +1 war axe (weapon)
 o - a +0 flail
Armour
 c - a +0 buckler (worn)
 g - a +0 helmet (worn)
 h - a +0 chain mail (worn)
Jewellery
 f - an amulet of faith (around neck)
Wands
 i - a wand of charming (12)
Scrolls
 l - a scroll of enchant weapon
Potions
 b - a potion of attraction {unknown}
 d - a potion of might
 e - 3 potions of haste
 j - 2 potions of curing {unknown}
 k - 2 potions of brilliance {unknown}
 m - 3 potions of mutation {unknown}
 n - a potion of heal wounds {unknown}
 p - 2 potions of berserk rage {unknown}
 q - a potion of degeneration {unknown}


   Skills:
 + Level 4.5 Fighting
 + Level 4.8 Axes
 + Level 4.4 Armour
 + Level 4.2 Shields
 * Level 1.7 Evocations


You had 6 spell levels left.
You didn't know any spells.
Your spell library contained the following spells:

 Spells                   Type           Power      Damage    Failure   Level
 Gell's Gravitas          Tloc           0%         N/A       100%        3
 Lesser Beckoning         Tloc           0%         N/A       100%        3
 Teleport Other           Tloc           0%         N/A       100%        3
 Alistair's Intoxication  Tmut/Pois      0%         N/A       100%        5
 Borgnjor's Vile Clutch   Necr/Erth      0%         N/A       100%        5
 Eringya's Noxious Bog    Tmut/Pois      0%         N/A       100%        6


Dungeon Overview and Level Annotations

Branches:
Dungeon (4/15)
 Temple: D:4-7

Altars:

Annotations:
D:3 1 runed translucent door, bronco's ghost, amateur KoGl


Innate Abilities, Weirdness & Mutations

You are immune to sickness and miasma.
Your stone body is resilient. (AC +4)
You are immune to poison.
You resist negative energy. (rN+)
You are resistant to electric shocks. (rElec)
You are resistant to unholy torment.
You are immune to petrification.


Message History

You see here an amulet of faith.
Found a helmet.
Things that are here:
a +0 short sword; a kobold skeleton You see here a +0 helmet.
You now have 162 gold pieces (gained 8).
You open the door.
There is an open door here.
There is an open door here.
There is an open door here.
You open the door.
Found 21 bolts.
There is an open door here.
You see here 21 bolts.
There is an open door here.
There is an open door here.
There is an open door here.
You open the door.
There is an open door here.
An ogre comes into view. It is wielding a +0 giant spiked club.
The ogre shouts!
An ogre is nearby!
The ogre hits you with a +0 giant spiked club!
You slash the ogre!
The ogre is moderately wounded.
The ogre hits you with a +0 giant spiked club!!
Ouch! That really hurt!
* * * LOW HITPOINT WARNING * * *
You slash the ogre!
The ogre is heavily wounded.
The ogre hits you with a +0 giant spiked club.
* * * LOW HITPOINT WARNING * * *
You completely miss the ogre.
The ogre is heavily wounded.
The ogre closely misses you.
You slash the ogre!
The ogre is almost dead.
The ogre hits you with a +0 giant spiked club!!
Ouch! That really hurt!
You die...

#.##.##...#######
#.##.##...#######
#.##.##...#.....#
#.##.##...#.....'
#.##.##...#.....#
#.##.##...#.....#
#.##.##...#.....#
#####.##.######.....#
#..O@.##.# #.....#
##.#####.# #.....# #
#.######.....#
#............#
#######......#
#......# #......#
#.##'### #.##.#


You could see an ogre.

Vanquished Creatures
  A necrophage (D:3)
  2 scorpions (D:4)
  An orc priest (D:4)
  A centaur skeleton (D:4)
  Ijyb (D:3)
  An orc wizard (D:4)
  Robin (D:3)
  6 adders
  A worm (D:4)
  4 dart slugs
  8 orcs
  10 ball pythons
  3 endoplasms
  4 giant cockroaches
  16 goblins
  4 hobgoblins
  5 jackals
  4 kobolds
  6 quokkas
  3 bats
  3 frilled lizards
  6 rats
91 creatures vanquished.

Notes
Turn   | Place    | Note
-------+----------+-------------------------------------------
     0 | D:1      | bande the Gargoyle Fighter began the quest for the Orb.
     0 | D:1      | Reached XP level 1. HP: 14/14 MP: 1/1
   175 | D:1      | Reached XP level 2. HP: 15/19 MP: 2/2
   620 | D:1      | Reached XP level 3. HP: 20/24 MP: 3/3
  1220 | D:2      | Found a faded altar of an unknown god.
  1468 | D:3      | Noticed a necrophage
  1477 | D:3      | Killed a necrophage
  1478 | D:3      | Reached XP level 4. HP: 23/29 MP: 4/4
  1478 | D:3      | Reached XP level 5. HP: 26/33 MP: 5/5
  1724 | D:3      | Noticed Ijyb
  1780 | D:3      | Killed Ijyb
  2275 | D:3      | Noticed Robin
  2716 | D:3      | Killed Robin
  2717 | D:3      | Reached XP level 6. HP: 33/38 MP: 6/6
  2808 | D:3      | Found a runed translucent door.
  2809 | D:3      | Noticed bronco's ghost (amateur KoGl)
  3121 | D:4      | Reached skill level 1 in Evocations
  3718 | D:4      | Reached XP level 7. HP: 36/44 MP: 7/7
  4118 | D:4      | Demolished by an ogre

Illustrated notes

Levels and vault maps discovered:
D:1:      elethiomel_arrival_quiet, layout_basic, hex_medium
D:2:      layout_rooms, basic_ecumenical_altar
D:3:      layout_rooms, ebering_ghost_sewer_d, uniq_robin, uniq_ijyb
D:4:      layout_basic, nicolae_wu_jian_immortal_techniques, due_unseen_surprise

Skill      XL: |  1  2  3  4  5  6 |
---------------+-------------------+-----
Axes           | 2 3 4 |  4.8
Fighting       | 4 |  4.5
Armour         | 4 |  4.4
Shields        | 4 |  4.2
Evocations     | 1 |  1.7

Action                   |  1- 3 |  4- 6 |  7- 9 || total
-------------------------+-------+-------+-------++-------
Melee: War axe           |   113 |   170 |     8 ||   291
  Use: Scroll            |       |     6 |       ||     6
Armor: Scale mail        |    68 |       |       ||    68
       Chain mail        |    17 |   135 |     2 ||   154
Dodge: Dodged            |    60 |    64 |     3 ||   127
Block: Buckler           |    27 |    39 |       ||    66

Table legend: (Time is in decaauts)
 A = Elapsed time spent in this place.
 B = Non-inter-level travel time spent in this place.
 C = Inter-level travel time spent in this place.
 D = Time resting spent in this place.
 E = Time spent auto-exploring this place.
 F = Levels seen in this place.
 G = Mean time per level.
                   A        B        C        D        E       F      G
               +--------+--------+--------+--------+--------+-----+--------+
         Total |   4218 |   4218 |      0 |   1091 |   2237 |   4 | 1054.5 |
       Dungeon |   4218 |   4218 |      0 |   1091 |   2237 |   4 | 1054.5 |
               +--------+--------+--------+--------+--------+-----+--------+

Top non-repeatable levels by time:
     D:3: 1425 daAuts
     D:4: 1080 daAuts
     D:1: 945 daAuts
     D:2: 766 daAuts
